 Dungeon Crawl Stone Soup version 0.29-a0-620-g13ace881f2 (webtiles) character file.

Game seed: 17542269838528356058

168 happo123 the Ruffian (level 5, -4/48 HPs)
             Began as a Troll Transmuter on June 18, 2022.
             Slain by Pikel
             ... wielding a +2 whip of electrocution
              (18 damage)
             ... on level 4 of the Dungeon.
             The game lasted 00:08:09 (2724 turns).

happo123 the Ruffian (Troll Transmuter)             Turns: 2724, Time: 00:08:10

Health: -4/48      AC:  4    Str: 18    XL:     5   Next: 23%
Magic:  4/6        EV: 10    Int: 11    God:
Gold:   203        SH:  5    Dex: 10    Spells: 4/7 levels left

rFire   . . .      SeeInvis .     - Unarmed
rCold   + . .      Faith    .   (no shield)
rNeg    . . .      Spirit   .   a - +0 robe
rPois   .          Reflect  +   (helmet restricted)
rElec   .          Harm     .   (no cloak)
rCorr   .          Rampage  .   (gloves unavailable)
Will    .....                   (boots unavailable)
Stlth   +.........              o - amulet of reflection
HPRegen 0.96/turn               r - ring of protection from cold
MPRegen 0.10/turn               (no ring)

@: wereblooded
A: large, unfitting armour, claws 3, regeneration 1, shaggy fur 1, tough skin 1
a: no special abilities


You were on level 4 of the Dungeon.
You visited 1 branch of the dungeon, and saw 4 of its levels.

You collected 203 gold pieces.

Inventory:

Missiles
 p - a throwing net
Armour
 a - a +0 robe (worn)
Jewellery
 o - an amulet of reflection (around neck)
 r - a ring of protection from cold (left claw)
Scrolls
 d - 2 scrolls of enchant weapon {unknown}
 e - 3 scrolls of teleportation {unknown}
 g - a scroll of amnesia {unknown}
 i - 2 scrolls of magic mapping {unknown}
 j - 2 scrolls of identify {unknown}
 l - a scroll of blinking {unknown}
 q - a scroll of noise {unknown}
Potions
 b - a potion of lignification
 c - 4 potions of curing {unknown}
 f - a potion of brilliance {unknown}
 h - 3 potions of mutation {unknown}
 k - 2 potions of flight {unknown}
 m - 2 potions of heal wounds {unknown}
 n - a potion of degeneration {unknown}
 s - a potion of berserk rage {unknown}


   Skills:
 + Level 1.4 Fighting
 + Level 2.1 Dodging
 * Level 3.9 Unarmed Combat
 + Level 1.7 Spellcasting
 * Level 2.3 Transmutations
 + Level 1.0 Ice Magic


You had 4 spell levels left.
You knew the following spells:

 Your Spells              Type           Power      Damage    Failure   Level
a - Beastly Appendage     Tmut           12%        N/A       12%         1
b - Wereblood             Tmut           6%         N/A       17%         2

Your spell library contained the following spells:

 Spells                   Type           Power      Damage    Failure   Level
 Spider Form              Tmut/Pois      3%         N/A       50%         3
 Ozocubu's Armour         Ice            3%         N/A       52%         3
 Ice Form                 Ice/Tmut       4%         N/A       83%         4
 Ozocubu's Refrigeration  Ice            1%         4d5       100%        7


Dungeon Overview and Level Annotations

Branches:
Dungeon (4/15)
 Temple: D:4-7

Altars:
Uskayaw
Xom

Shops:
D:2 [

Annotations:
D:4 Pikel


Innate Abilities, Weirdness & Mutations

You are too large for most types of armour.
You have claws for hands.
Your natural rate of healing is unusually fast.
You are covered in fur. (AC +1)
You have tough skin. (AC +1)


Message History

The lemure misses you.
You closely miss the lemure. Your kick misses the lemure.
You block the gnoll's attack. The lemure closely misses you.
An adder comes into view.
You barely miss the lemure. You claw the lemure!
The lemure is moderately wounded.
The lemure barely misses you. You block the gnoll's attack.
You claw the lemure!
The lemure is severely wounded.
The gnoll closely misses you. The lemure barely misses you.
You scratch the lemure but do no damage.
Your headbutt misses the lemure.
The lemure is severely wounded.
The lemure hits you.
A jelly comes into view.
The gnoll hits you from afar with a +0 halberd!
You claw the lemure!
You kill the lemure!
That felt strangely unrewarding.
You block the gnoll's attack. You block the gnoll's attack.
The gnoll misses you.
Things that are here:
a +0 flail; a gnoll corpse You scratch the gnoll but do no damage.
You claw the gnoll!
The gnoll is severely wounded.
The gnoll barely misses you.
The gnoll hits you from afar with a +0 spear.
You claw the gnoll!
You feel a bit better.
You kill the gnoll!
The gnoll hits you from afar with a +0 spear.
Your Ice Magic skill increases to level 1!
You barely miss something. You claw something. Something hits you!
You are electrocuted!
* * * LOW HITPOINT WARNING * * *
The gnoll hits you but does no damage.
Your horns disappear.
Your talons disappear.
There is a stone staircase leading up here.
Something hits you.
* * * LOW HITPOINT WARNING * * *
You are electrocuted!!
You die...

...#
..#
..#
..#
#.#
#.#
#.#
##@#
#.)#
#g##
#h5
5.S#
#.J5
.....
......
.....


You could see 2 lemures, a hound, a jelly, a gnoll and an adder.

Vanquished Creatures
  A lemure (D:4)
  An iguana (D:3)
  An orc wizard (D:3)
  2 gnolls (D:4)
  6 adders
  A dart slug (D:3)
  5 orcs (D:3)
  4 bats (D:3)
  2 endoplasms (D:2)
  5 goblins
  2 hobgoblins (D:3)
  3 quokkas
  4 ball pythons
  A frilled lizard (D:1)
  2 kobolds
  8 rats
48 creatures vanquished.

Notes
Turn   | Place    | Note
-------+----------+-------------------------------------------
     0 | D:1      | happo123 the Troll Transmuter began the quest for the Orb.
     0 | D:1      | Reached XP level 1. HP: 18/18 MP: 1/1
   173 | D:1      | Found a faded altar of an unknown god.
   518 | D:1      | Reached XP level 2. HP: 26/26 MP: 2/2
   549 | D:1      | Found a shimmering altar of Xom.
   737 | D:2      | Reached skill level 1 in Fighting
  1071 | D:2      | Found Xetodi's Antique Armour Shoppe.
  1260 | D:2      | Reached XP level 3. HP: 33/33 MP: 2/4
  1263 | D:2      | Learned a level 2 spell: Wereblood
  2165 | D:3      | Reached XP level 4. HP: 41/41 MP: 2/5
  2479 | D:3      | Found a hide-covered altar of Uskayaw.
  2523 | D:3      | Reached XP level 5. HP: 48/48 MP: 3/6
  2707 | D:4      | Noticed a lemure
  2708 | D:4      | Noticed a lemure
  2708 | D:4      | Noticed Pikel
  2709 | D:4      | Noticed a lemure
  2713 | D:4      | Noticed a lemure
  2718 | D:4      | Killed a lemure
  2722 | D:4      | Reached skill level 1 in Ice Magic
  2724 | D:4      | Slain by Pikel

Illustrated notes

Levels and vault maps discovered:
D:1:      dpeg_arrival_lava_altar, layout_loops_ring,
          hellmonk_ecumenical_altar_lost_god,
          wander_ebering_terrifying_dragon_lair
D:2:      layout_basic, serial_shops, shop
D:3:      minmay_wonky_spiral, layout_loops_ring, nicolae_uskayaw_suspiria,
          columned_hall_lemuel, kennysheep_generic_room_15
D:4:      layout_rooms, ebering_ghost_disaster_area, uniq_grinder, uniq_pikel

Skill      XL: |  1  2  3  4  5 |
---------------+----------------+-----
Fighting       | 1 |  1.4
Transmutations | 2 |  2.3
Dodging        | 2 |  2.1
Ice Magic      | 1 |  1.0
Unarmed Combat | |  3.9
Spellcasting   | |  1.7

Action                   |  1- 3 |  4- 6 || total
-------------------------+-------+-------++-------
Melee: Unarmed           |    84 |    43 ||   127
       Punch             |     3 |     1 ||     4
       Headbutt          |     3 |     5 ||     8
       Kick              |     2 |     5 ||     7
 Cast: Beastly Appendage |     5 |     4 ||     9
       Wereblood         |       |     2 ||     2
Armor: Robe              |    31 |     3 ||    34
Dodge: Dodged            |    40 |    17 ||    57
Block: Other             |     1 |    10 ||    11

Table legend: (Time is in decaauts)
 A = Elapsed time spent in this place.
 B = Non-inter-level travel time spent in this place.
 C = Inter-level travel time spent in this place.
 D = Time resting spent in this place.
 E = Time spent auto-exploring this place.
 F = Levels seen in this place.
 G = Mean time per level.
                   A        B        C        D        E       F      G
               +--------+--------+--------+--------+--------+-----+--------+
         Total |   2714 |   2522 |    192 |      0 |   2101 |   4 |  678.5 |
       Dungeon |   2714 |   2522 |    192 |      0 |   2101 |   4 |  678.5 |
               +--------+--------+--------+--------+--------+-----+--------+

Top non-repeatable levels by time:
     D:2: 1071 daAuts
     D:3: 910 daAuts
     D:1: 715 daAuts
     D:4: 15 daAuts
